 Dungeon Crawl Stone Soup version 0.28-b1-25-g9875b3fc8c (webtiles) character file.

Game seed: 9669155167631264136

101 sanka the Magician (level 4, -8/26 HPs)
             Began as a Deep Elf Transmuter on Feb 7, 2022.
             Mangled by Blork the orc (13 damage)
             ... on level 4 of the Dungeon.
             The game lasted 00:03:58 (3913 turns).

sanka the Magician (Deep Elf Transmuter)            Turns: 3913, Time: 00:03:59

Health: -8/26      AC:  3    Str:  6 (7)  XL:     4   Next: 48%
Magic:  13/13      EV: 13    Int: 19 (20) God:
Gold:   142        SH:  0    Dex: 14 (15) Spells: 10/13 levels left

rFire   + . .      SeeInvis .   h - +1 dagger (venom)
rCold   + . .      Faith    .   (no shield)
rNeg    . . .      Spirit   .   a - +0 robe
rPois   +          Reflect  .   (no helmet)
rElec   +          Harm     .   r - +0 cloak
rCorr   +          Rampage  .   (no gloves)
Will    +....                   (no boots)
Stlth   +.........              (no amulet)
HPRegen 0.08/turn               p - ring of willpower
MPRegen 0.13/turn               (no ring)

@: resistant, studying Crossbows
A: no striking features
a: no special abilities


You were on level 4 of the Dungeon.
You visited 1 branch of the dungeon, and saw 4 of its levels.

You collected 142 gold pieces.

Inventory:

Hand Weapons
 h - a +1 dagger of venom (weapon)
 i - a +0 long sword
Armour
 a - a +0 robe (worn)
 r - a +0 cloak (worn)
Magical Staves
 m - a staff of conjuration
Jewellery
 p - a ring of willpower (left hand)
Scrolls
 b - a scroll of enchant armour {unknown}
 c - 2 scrolls of teleportation {unknown}
 e - a scroll of noise {unknown}
 f - a scroll of silence {unknown}
 g - 2 scrolls of identify {unknown}
 k - a scroll of immolation {unknown}
 l - a scroll of summoning {unknown}
 q - 2 scrolls of fear {unknown}
Potions
 j - a potion of magic {unknown}
 n - a potion of cancellation {unknown}
 o - a potion of heal wounds {unknown}


   Skills:
 + Level 1.9 Fighting
 + Level 3.5 Dodging
 - Level 2.4 Unarmed Combat
 - Level 5.0 Spellcasting
 - Level 2.1 Transmutations


You had 10 spell levels left.
You knew the following spells:

 Your Spells              Type           Power      Damage    Failure   Level
a - Beastly Appendage     Tmut           26%        N/A       4%          1
b - Wereblood             Tmut           13%        N/A       8%          2

Your spell library contained the following spells:

 Spells                   Type           Power      Damage    Failure   Level
 Sublimation of Blood     Necr           4%         N/A       19%         2
 Spider Form              Tmut/Pois      8%         N/A       24%         3
 Ozocubu's Armour         Ice            4%         N/A       36%         3
 Ice Form                 Ice/Tmut       8%         N/A       61%         4
 Ozocubu's Refrigeration  Ice            2%         4d5       100%        7
 Summon Hydra             Summ           2%         N/A       100%        7


Dungeon Overview and Level Annotations

Branches:
Dungeon (4/15)
 Temple: D:4-7

Altars:
Cheibriados
Elyvilon
Uskayaw
Wu Jian

Shops:
D:4 !

Annotations:
D:4 Blork the orc


Message History

HP restored.
There is a stone staircase leading down here.
You climb downwards.
Level annotation: Blork the orc
There is a stone staircase leading up here.
Unknown command.
There is a stone staircase leading up here.
Okay, then.
Press: ? - help, v - describe, . - travel
Here: Blork the orc, wielding a +0 halberd and wearing a +0 robe The floor.
You feel protected.
Blork the orc begins to cast a cantrip, but forgets the words!
You completely miss Blork the orc. Your punch misses Blork the orc.
Blork the orc hits you with a +0 halberd!
Ouch! That really hurt!
You hit Blork the orc but do no damage.
Blork the orc is poisoned.
Blork the orc misses you.
You barely miss Blork the orc. Blork the orc barely misses you.
You hit Blork the orc.
Blork the orc looks as sick as possible!
Blork the orc is lightly wounded.
Blork the orc gestures wildly while chanting.
Blork the orc seems to speed up.
You hit Blork the orc but do no damage.
Blork the orc looks as sick as possible!
Blork the orc is lightly wounded.
Blork the orc screams, "You are the ugliest creature I've ever seen!"
Blork the orc barely misses you.
You hit Blork the orc.
Blork the orc looks as sick as possible!
Blork the orc is moderately wounded.
Blork the orc hits you with a +0 halberd!
* * * LOW HITPOINT WARNING * * *
Blork the orc looks encouraged for a moment.
You hit Blork the orc.
Blork the orc is moderately wounded.
Blork the orc hits you with a +0 halberd!
Ouch! That really hurt!
You die...

#.# . #.# .♣
#.# ♣o
###.##. ....o
# # #....#
#.#.#.###
#..<..o.#
#....##.#.#@#
#.. ....#<# #
##.##### ....
.##.# . #.#
#.#


You could see Blork the orc (fast, extremely poisoned).

Vanquished Creatures
  4 adders (D:2)
  2 worms (D:2)
  4 dart slugs
  2 orcs (D:3)
  A ball python (D:1)
  4 endoplasms
  8 hobgoblins
  2 jackals (D:1)
  3 quokkas
  3 bats
  4 frilled lizards
  6 goblins
  5 kobolds
  3 rats
51 creatures vanquished.

Notes
Turn   | Place    | Note
-------+----------+-------------------------------------------
     0 | D:1      | sanka the Deep Elf Transmuter began the quest for the Orb.
     0 | D:1      | Reached XP level 1. HP: 11/11 MP: 6/6
   289 | D:1      | Found a faded altar of an unknown god.
   330 | D:1      | Reached skill level 4 in Spellcasting
   330 | D:1      | Reached XP level 2. HP: 16/16 MP: 9/9
  1025 | D:1      | Learned a level 2 spell: Wereblood
  1065 | D:2      | Reached XP level 3. HP: 17/20 MP: 9/11
  1145 | D:2      | Reached skill level 1 in Fighting
  1145 | D:2      | Reached skill level 5 in Spellcasting
  2417 | D:2      | Reached XP level 4. HP: 8/25 MP: 13/13
  3559 | D:3      | Found a white marble altar of Elyvilon.
  3579 | D:3      | Found a snail-covered altar of Cheibriados.
  3579 | D:3      | Found an ornate altar of the Wu Jian Council.
  3601 | D:3      | Noticed a +0 dagger
  3659 | D:3      | Noticed a +0 dagger
  3660 | D:3      | Noticed a +0 short sword
  3661 | D:3      | Noticed a +0 falchion
  3662 | D:3      | Noticed a +0 spear
  3664 | D:3      | Noticed a +0 short sword
  3664 | D:3      | Noticed a +0 falchion
  3665 | D:3      | Noticed a +0 spear
  3667 | D:3      | Found a hide-covered altar of Uskayaw.
  3774 | D:4      | Noticed Blork the orc
  3774 | D:4      | Found Ungoujie's Distillery.
  3913 | D:4      | Mangled by Blork the orc

Illustrated notes

Levels and vault maps discovered:
D:1:      saegor_arrival_miasma, layout_rooms,
          shapermc_ecumenical_altar_mp_ritualfount
D:2:      layout_basic, minmay_door_square, kennysheep_path_1,
          minmay_pentomino_v2
D:3:      layout_basic, nicolae_uskayaw_en_pointe,
          nicolae_overflow_crystal_walls, mainiacjoe_overflow_large_starburst,
          minmay_misc_feat_rugged
D:4:      layout_basic, xom_redecorated, general_overflow_altar, bloody_trog,
          serial_shops, nicolae_shop_trees, shop, nicolae_shop_stone,
          uniq_robin, uniq_grinder, uniq_blork_the_orc

Skill      XL: |  1  2  3 |
---------------+----------+-----
Spellcasting   | 4 5 |  5.0
Fighting       | 1 |  1.9
Dodging        | 3 |  3.5
Unarmed Combat | |  2.4
Transmutations | |  2.1

Action                   |  1- 3 |  4- 6 || total
-------------------------+-------+-------++-------
Melee: Unarmed           |    48 |       ||    48
       Kick              |    14 |       ||    14
       Headbutt          |     9 |       ||     9
       Dagger            |    73 |    39 ||   112
       Punch             |     2 |     1 ||     3
 Cast: Beastly Appendage |    12 |       ||    12
  Use: Potion            |     3 |     1 ||     4
 Stab: Sleeping          |     2 |       ||     2
Armor: Robe              |    15 |     3 ||    18
Dodge: Dodged            |    69 |    19 ||    88
